| TOP OF THE 1ST |
|
Hartford Yard Goats batting - Pitching for Binghamton Mets : RHP Felipe Hinojosa
|
|
Pitching: RHP Felipe Hinojosa
|
|
|
Batting: RHB Matt Fabre
|
0-0: Fly out, F8 (Flyball, 8RD, EV 76.9 MPH)
|
|
Batting: LHB Zack Guillen
|
0-0: Fly out, F2 (Popup, 15S, EV 84.4 MPH)
|
|
Batting: RHB Ernest Olkowicz
|
0-0: Called Strike 0-1: Ball 1-1: Foul Ball, location: 2F 1-2: Foul Ball, location: 2F 1-2: Ball 2-2: Foul Ball, location: 2F 2-2: Ball 3-2: Foul Ball, location: 2F 3-2: Foul Ball, location: 2F 3-2: Strikes out swinging
|
| Top of the 1st over - 0 runs, 0 hits, 0 errors, 0 left on base; Hartford 0 - Binghamton 0 |
| BOTTOM OF THE 1ST |
|
Binghamton Mets batting - Pitching for Hartford Yard Goats : RHP Zach Sommer
|
|
Pitching: RHP Zach Sommer
|
|
|
Batting: RHB Jack Nickleberry
|
0-0: Called Strike 0-1: Foul Ball, location: 2F 0-2: Fly out, F7 (Flyball, 7D, EV 86.2 MPH)
|
|
Batting: RHB Chris Artz
|
0-0: Swinging Strike 0-1: Called Strike 0-2: Ball 1-2: DOUBLE (Groundball, 5L, EV 100.0 MPH)
|
|
Batting: RHB Jose Lara
|
0-0: Ball 1-0: Ball 2-0: Ball 3-0: Called Strike 3-1: Fly out, F7 (Flyball, 7D, EV 81.2 MPH)
|
|
Batting: SHB Masatoshi Akahoshi
|
0-0: Called Strike 0-1: Ball 1-1: Swinging Strike 1-2: Strikes out swinging
|
| Bottom of the 1st over - 0 runs, 1 hit, 0 errors, 1 left on base; Hartford 0 - Binghamton 0 |
| TOP OF THE 2ND |
|
Hartford Yard Goats batting - Pitching for Binghamton Mets : RHP Felipe Hinojosa
|
|
Batting: LHB Eric Ludwig
|
0-0: Called Strike 0-1: Ball 1-1: Foul Ball, location: 2F 1-2: Strikes out swinging
|
|
Batting: RHB Max Schellekens
|
0-0: Ground out U3 (Groundball, 34, EV 83.8 MPH)
|
|
Batting: RHB Nick Rang
|
0-0: Ball 1-0: Swinging Strike 1-1: Foul Ball, location: 2F 1-2: Strikes out swinging
|
| Top of the 2nd over - 0 runs, 0 hits, 0 errors, 0 left on base; Hartford 0 - Binghamton 0 |
| BOTTOM OF THE 2ND |
|
Binghamton Mets batting - Pitching for Hartford Yard Goats : RHP Zach Sommer
|
|
Batting: SHB Alex Cavazos
|
0-0: Called Strike 0-1: Ball 1-1: Ball 2-1: Foul Ball, location: 2F 2-2: Ball 3-2: Foul Ball, location: 2F 3-2: Foul Ball, location: 2F 3-2: Base on Balls
|
|
Batting: SHB Jerry Burrows
|
0-0: Ball 1-0: Ball Passed Ball! Alex Cavazos to second 2-0: Called Strike 2-1: Foul Ball, location: 2F 2-2: Foul Ball, location: 2F 2-2: Ball 3-2: Base on Balls
|
|
Batting: SHB Keith Casner
|
0-0: Ball 1-0: Foul Ball, location: 2F 1-1: Called Strike 1-2: Strikes out swinging
|
|
Batting: RHB Mike Hanks
|
0-0: Called Strike 0-1: Ball 1-1: Foul Ball, location: 2F 1-2: Ball 2-2: Ball 3-2: Base on Balls Alex Cavazos to third Jerry Burrows to second
|
|
Batting: RHB Jim Freels
|
0-0: Ball 1-0: Called Strike 1-1: Called Strike 1-2: Ball 2-2: Ball 3-2: Foul Ball, location: 2F 3-2: Ground out 5-3 (Groundball, 56S, EV 72.5 MPH) Alex Cavazos scores Jerry Burrows to third Mike Hanks to second
|
|
Batting: RHB Jack Nickleberry
|
0-0: Foul Ball, location: 2F 0-1: Called Strike 0-2: Strikes out swinging
|
| Bottom of the 2nd over - 1 run, 0 hits, 0 errors, 2 left on base; Hartford 0 - Binghamton 1 |
| TOP OF THE 3RD |
|
Hartford Yard Goats batting - Pitching for Binghamton Mets : RHP Felipe Hinojosa
|
|
Batting: RHB Chris Kinder
|
0-0: Ball 1-0: Ball 2-0: Ball 3-0: Called Strike 3-1: Ground out 5-3 (Groundball, 56, EV 88.8 MPH)
|
|
Batting: RHB Zach Sommer
|
0-0: Ball 1-0: SINGLE (Line Drive, 7S, EV 110.6 MPH)
|
|
Batting: RHB Yamashita Yagi
|
0-0: Called Strike Zach Sommer steals 2nd base 0-1: Ball 1-1: Foul Ball, location: 2F 1-2: Foul Ball, location: 2F 1-2: Ground out 4-3 (Groundball, 4MS, EV 72.5 MPH) Zach Sommer to third
|
|
Batting: RHB Matt Fabre
|
0-0: Called Strike 0-1: Swinging Strike 0-2: Ball 1-2: Ball 2-2: Foul Ball, location: 2F 2-2: Ball 3-2: Fly out, F9 (Flyball, 9LS, EV 88.8 MPH)
|
| Top of the 3rd over - 0 runs, 1 hit, 0 errors, 1 left on base; Hartford 0 - Binghamton 1 |
| BOTTOM OF THE 3RD |
|
Binghamton Mets batting - Pitching for Hartford Yard Goats : RHP Zach Sommer
|
|
Batting: RHB Chris Artz
|
0-0: Called Strike 0-1: SINGLE (Groundball, 56D, EV 103.8 MPH)
|
|
Batting: RHB Jose Lara
|
0-0: Ball Chris Artz steals 2nd base 1-0: Ground out 6-3 (Groundball, 6, EV 111.2 MPH)
|
|
Batting: SHB Masatoshi Akahoshi
|
0-0: Called Strike 0-1: Foul Ball, location: 2F 0-2: Foul Ball, location: 2F 0-2: Ball 1-2: Foul Ball, location: 2F 1-2: Ball 2-2: Ball Passed Ball! Chris Artz to third 3-2: Base on Balls
|
|
Batting: SHB Alex Cavazos
|
0-0: Foul Ball, location: 2F 0-1: Grounds into double play, 4-6-3 (Groundball, 4, EV 97.5 MPH)
|
| Bottom of the 3rd over - 0 runs, 1 hit, 0 errors, 1 left on base; Hartford 0 - Binghamton 1 |
| TOP OF THE 4TH |
|
Hartford Yard Goats batting - Pitching for Binghamton Mets : RHP Felipe Hinojosa
|
|
Batting: LHB Zack Guillen
|
0-0: Ball 1-0: Swinging Strike 1-1: Foul Ball, location: 2F 1-2: SINGLE (Line Drive, 89S, EV 108.1 MPH)
|
|
Batting: RHB Ernest Olkowicz
|
0-0: Ball 1-0: Ball Zack Guillen steals 2nd base 2-0: Called Strike 2-1: Swinging Strike 2-2: Strikes out looking
|
|
Batting: LHB Eric Ludwig
|
0-0: Called Strike 0-1: SINGLE (Groundball, 34D, EV 96.9 MPH) Zack Guillen to third Runner from 3rd tries for Home, SAFE, throw by RF to home Eric Ludwig to second
|
|
Pitching: RHP Amare Golden
|
|
|
Batting: RHB Max Schellekens
|
0-0: Called Strike 0-1: Swinging Strike 0-2: Ball 1-2: Ball 2-2: Strikes out looking
|
|
Batting: RHB Nick Rang
|
0-0: Ball 1-0: Foul Ball, location: 2F 1-1: Ball 2-1: Ball 3-1: Base on Balls
|
|
Batting: RHB Chris Kinder
|
0-0: Ball 1-0: Called Strike 1-1: Ball 2-1: Foul Ball, location: 2F 2-2: Strikes out looking
|
| Top of the 4th over - 1 run, 2 hits, 0 errors, 2 left on base; Hartford 1 - Binghamton 1 |
| BOTTOM OF THE 4TH |
|
Binghamton Mets batting - Pitching for Hartford Yard Goats : RHP Zach Sommer
|
|
Batting: SHB Jerry Burrows
|
0-0: Ball 1-0: Swinging Strike 1-1: Foul Ball, location: 2F 1-2: Strikes out swinging
|
|
Batting: SHB Keith Casner
|
0-0: Called Strike 0-1: Ball 1-1: Ball 2-1: Swinging Strike 2-2: Ball 3-2: Strikes out swinging
|
|
Batting: RHB Mike Hanks
|
0-0: Called Strike 0-1: Called Strike 0-2: Ball 1-2: Strikes out swinging
|
| Bottom of the 4th over - 0 runs, 0 hits, 0 errors, 0 left on base; Hartford 1 - Binghamton 1 |
| TOP OF THE 5TH |
|
Hartford Yard Goats batting - Pitching for Binghamton Mets : RHP Amare Golden
|
|
Batting: RHB Zach Sommer
|
0-0: SINGLE (Groundball, 56D, EV 96.9 MPH)
|
|
Batting: RHB Yamashita Yagi
|
0-0: Ball 1-0: Ball 2-0: Called Strike 2-1: Foul Ball, location: 2F 2-2: Grounds into double play, 6-4-3 (Groundball, 6, EV 93.8 MPH)
|
|
Batting: RHB Matt Fabre
|
0-0: Ball 1-0: Ball 2-0: Called Strike 2-1: Ground out U3 (Groundball, 3, EV 97.5 MPH)
|
| Top of the 5th over - 0 runs, 1 hit, 0 errors, 0 left on base; Hartford 1 - Binghamton 1 |
| BOTTOM OF THE 5TH |
|
Binghamton Mets batting - Pitching for Hartford Yard Goats : RHP Zach Sommer
|
|
Batting: RHB Jim Freels
|
0-0: Swinging Strike 0-1: Ball 1-1: Ball 2-1: Ball 3-1: Base on Balls
|
|
Pitching: LHP Steve Lima
|
|
|
Batting: RHB Jack Nickleberry
|
0-0: Ball 1-0: Foul Ball, location: 2F 1-1: Fielders Choice at 2nd, 1-6 (Groundball, 13S, EV 68.1 MPH)
|
|
Batting: RHB Chris Artz
|
0-0: Ball 1-0: Called Strike 1-1: Swinging Strike 1-2: Ball 2-2: Strikes out swinging
|
|
Batting: RHB Jose Lara
|
0-0: Ball 1-0: Foul Ball, location: 2F 1-1: Ball 2-1: Swinging Strike 2-2: Foul Ball, location: 2F 2-2: Ball 3-2: Foul Ball, location: 2F 3-2: Foul Ball, location: 2F 3-2: Strikes out swinging
|
| Bottom of the 5th over - 0 runs, 0 hits, 0 errors, 1 left on base; Hartford 1 - Binghamton 1 |
| TOP OF THE 6TH |
|
Hartford Yard Goats batting - Pitching for Binghamton Mets : RHP Amare Golden
|
|
Batting: LHB Zack Guillen
|
0-0: Ball 1-0: Ball 2-0: Called Strike 2-1: Called Strike 2-2: Fly out, F8 (Flyball, 8RXD, EV 92.5 MPH)
|
|
Batting: RHB Ernest Olkowicz
|
0-0: Ball 1-0: Called Strike 1-1: SINGLE (Line Drive, 6D, EV 106.2 MPH)
|
|
Pitching: RHP Thomas Clark
|
|
|
Batting: LHB Eric Ludwig
|
0-0: Fielders Choice at 2nd, 4-6 (Groundball, 34, EV 105.6 MPH)
|
|
Batting: RHB Max Schellekens
|
0-0: Swinging Strike 0-1: Called Strike Eric Ludwig is caught stealing 2nd base 2-4
|
| Top of the 6th over - 0 runs, 1 hit, 0 errors, 0 left on base; Hartford 1 - Binghamton 1 |
| BOTTOM OF THE 6TH |
|
Binghamton Mets batting - Pitching for Hartford Yard Goats : LHP Steve Lima
|
|
Batting: SHB Masatoshi Akahoshi
|
0-0: Ball 1-0: Called Strike 1-1: SINGLE (Groundball, 56D, EV 101.9 MPH)
|
|
Batting: SHB Alex Cavazos
|
0-0: Ball 1-0: Foul Ball, location: 2F 1-1: Swinging Strike 1-2: Ball 2-2: Foul Ball, location: 2F 2-2: Grounds into double play, 5-4-3 (Groundball, 56, EV 105.0 MPH)
|
|
Pitching: RHP Jeremy Richards
|
|
|
Batting: SHB Jerry Burrows
|
0-0: Ball 1-0: SINGLE (Line Drive, 9S, EV 104.4 MPH)
|
|
Batting: SHB Keith Casner
|
0-0: Ball 1-0: Ball 2-0: Called Strike 2-1: Foul Ball, location: 2F 2-2: Ground out 4-3 (Groundball, 4, EV 86.9 MPH)
|
| Bottom of the 6th over - 0 runs, 2 hits, 0 errors, 1 left on base; Hartford 1 - Binghamton 1 |
| TOP OF THE 7TH |
|
Hartford Yard Goats batting - Pitching for Binghamton Mets : RHP Thomas Clark
|
|
Batting: RHB Max Schellekens
|
0-0: Ball 1-0: Called Strike 1-1: Called Strike 1-2: Ball 2-2: Foul Ball, location: 2F 2-2: Foul Ball, location: 2F 2-2: Foul Ball, location: 2F 2-2: Ball 3-2: Foul Ball, location: 2F 3-2: Foul Ball, location: 2F 3-2: Strikes out looking
|
|
Batting: RHB Nick Rang
|
0-0: Called Strike 0-1: Fly out, F5 (Popup, 5F, EV 61.2 MPH)
|
|
Batting: RHB Chris Kinder
|
0-0: Called Strike 0-1: Called Strike 0-2: Ball 1-2: SINGLE (Groundball, 56, EV 100.0 MPH)
|
|
Batting: LHB Steve Gilliam
|
0-0: Ball 1-0: Ball 2-0: Ground out U3 (Groundball, 3L, EV 85.6 MPH)
|
| Top of the 7th over - 0 runs, 1 hit, 0 errors, 1 left on base; Hartford 1 - Binghamton 1 |
| BOTTOM OF THE 7TH |
|
Binghamton Mets batting - Pitching for Hartford Yard Goats : RHP Jeremy Richards
|
|
Batting: RHB Mike Hanks
|
0-0: Ground out 4-3 (Groundball, 4, EV 83.8 MPH)
|
|
Batting: RHB Jim Freels
|
0-0: Ball 1-0: Foul Ball, location: 2F 1-1: Ball 2-1: Foul Ball, location: 2F 2-2: Foul Ball, location: 2F 2-2: Strikes out swinging
|
|
Batting: RHB Jack Nickleberry
|
0-0: Ball 1-0: Ball 2-0: Called Strike 2-1: Foul Ball, location: 2F 2-2: Foul Ball, location: 2F 2-2: Ball 3-2: SINGLE (Groundball, 6MD, EV 109.4 MPH) (infield hit)
|
|
Batting: RHB Chris Artz
|
0-0: Foul Ball, location: 2F 0-1: Ball 1-1: Ball 2-1: Foul Ball, location: 2F 2-2: Foul Ball, location: 2F 2-2: SINGLE (Groundball, 6M, EV 103.1 MPH) (infield hit) Jack Nickleberry to second
|
|
Batting: RHB Jose Lara
|
0-0: Ball 1-0: Ball 2-0: SINGLE (Line Drive, 34, EV 98.8 MPH) Jack Nickleberry to third Chris Artz to second Runner from 3rd tries for Home, throw by RF and OUT! 9-2
|
| Bottom of the 7th over - 0 runs, 3 hits, 0 errors, 2 left on base; Hartford 1 - Binghamton 1 |
| TOP OF THE 8TH |
|
Hartford Yard Goats batting - Pitching for Binghamton Mets : RHP Thomas Clark
|
|
Pitching: RHP Jean-Pierre Carpentier
|
|
|
Pinch Hitting: LHB Mike Clark
|
0-0: Foul Ball, location: 2F 0-1: Called Strike 0-2: Ball 1-2: Strikes out swinging
|
|
Batting: RHB Matt Fabre
|
0-0: Ball 1-0: Reached via error on a dropped throw from 2B, E3 (Groundball, 4M, EV 109.4 MPH)
|
|
Pinch Hitting: RHB Andy Solorzano
|
0-0: Swinging Strike 0-1: Ball 1-1: Grounds into double play, 4-6-3 (Groundball, 4, EV 89.4 MPH)
|
| Top of the 8th over - 0 runs, 0 hits, 1 error, 0 left on base; Hartford 1 - Binghamton 1 |
| BOTTOM OF THE 8TH |
|
Binghamton Mets batting - Pitching for Hartford Yard Goats : RHP Jeremy Richards
|
|
Pitching: LHP Ryan Morlan
|
|
|
Now at 1B: Andy Solorzano
|
|
|
Now in RF: Justin Pellman
|
|
|
Batting: SHB Masatoshi Akahoshi
|
0-0: Fly out, F7 (Flyball, 8LM, EV 91.9 MPH)
|
|
Batting: SHB Alex Cavazos
|
0-0: Swinging Strike 0-1: DOUBLE (Groundball, 3L, EV 105.0 MPH)
|
|
Batting: SHB Jerry Burrows
|
0-0: Ball 1-0: Called Strike 1-1: Called Strike 1-2: Ground out 6-3 (Groundball, 6, EV 91.2 MPH)
|
|
Batting: SHB Keith Casner
|
0-0: Called Strike 0-1: Foul Ball, location: 2F 0-2: Ball 1-2: Strikes out swinging
|
| Bottom of the 8th over - 0 runs, 1 hit, 0 errors, 1 left on base; Hartford 1 - Binghamton 1 |
| TOP OF THE 9TH |
|
Hartford Yard Goats batting - Pitching for Binghamton Mets : RHP Jean-Pierre Carpentier
|
|
Pitching: RHP Jason Horvath
|
|
|
Batting: RHB Ernest Olkowicz
|
0-0: Ball 1-0: Foul Ball, location: 2F 1-1: Ball 2-1: Foul Ball, location: 2F 2-2: Ball 3-2: Foul Ball, location: 2F 3-2: Base on Balls
|
|
Batting: LHB Eric Ludwig
|
0-0: Fly out, F6 (Popup, P, EV 80.6 MPH)
|
|
Batting: RHB Max Schellekens
|
0-0: Ball 1-0: Grounds into double play, 6-4-3 (Groundball, 6, EV 87.5 MPH)
|
| Top of the 9th over - 0 runs, 0 hits, 0 errors, 0 left on base; Hartford 1 - Binghamton 1 |
| BOTTOM OF THE 9TH |
|
Binghamton Mets batting - Pitching for Hartford Yard Goats : LHP Ryan Morlan
|
|
Pitching: RHP Jim Butler
|
|
|
Batting: RHB Mike Hanks
|
0-0: Ball 1-0: Called Strike 1-1: Swinging Strike 1-2: Strikes out swinging
|
|
Batting: RHB Jim Freels
|
0-0: Ball 1-0: Called Strike 1-1: Foul Ball, location: 2F 1-2: Strikes out looking
|
|
Batting: RHB Jack Nickleberry
|
0-0: Ball 1-0: Swinging Strike 1-1: Swinging Strike 1-2: Strikes out looking
|
| Bottom of the 9th over - 0 runs, 0 hits, 0 errors, 0 left on base; Hartford 1 - Binghamton 1 |
| TOP OF THE 10TH |
|
Hartford Yard Goats batting - Pitching for Binghamton Mets : RHP Jason Horvath
|
|
Batting: RHB Nick Rang
|
0-0: Called Strike 0-1: Ball 1-1: Ball 2-1: Ground out 6-3 (Groundball, 6, EV 80.6 MPH)
|
|
Batting: RHB Chris Kinder
|
0-0: Called Strike 0-1: Foul Ball, location: 2F 0-2: Strikes out swinging
|
|
Batting: LHB Steve Gilliam
|
0-0: Ball 1-0: Ball 2-0: Foul Ball, location: 2F 2-1: Ball 3-1: Called Strike 3-2: Reached on error, E6 (Groundball, 6, EV 102.5 MPH)
|
|
Batting: RHB Justin Pellman
|
0-0: Ball 1-0: Called Strike 1-1: TRIPLE (Flyball, 78XD, EV 93.8 MPH) Steve Gilliam scores
|
|
Batting: RHB Matt Fabre
|
0-0: Ground out 4-3 (Groundball, 4S, EV 86.9 MPH)
|
| Top of the 10th over - 1 run, 1 hit, 1 error, 1 left on base; Hartford 2 - Binghamton 1 |
| BOTTOM OF THE 10TH |
|
Binghamton Mets batting - Pitching for Hartford Yard Goats : RHP Jim Butler
|
|
Batting: RHB Chris Artz
|
0-0: Called Strike 0-1: Foul Ball, location: 2F 0-2: Foul Ball, location: 2F 0-2: Foul Ball, location: 2F 0-2: Strikes out swinging, 2-3 out at first.
|
|
Batting: RHB Jose Lara
|
0-0: Foul Ball, location: 2F 0-1: Foul Ball, location: 2F 0-2: SINGLE (Groundball, 34S, EV 83.8 MPH) (infield hit)
|
|
Batting: SHB Masatoshi Akahoshi
|
0-0: Fly out, F7 (Flyball, 7S, EV 91.2 MPH)
|
|
Batting: SHB Alex Cavazos
|
0-0: Called Strike 0-1: Ball 1-1: Ground out 6-3 (Groundball, 6M, EV 79.4 MPH)
|
| Bottom of the 10th over - 0 runs, 1 hit, 0 errors, 1 left on base; Hartford 2 - Binghamton 1 |
|